 Dungeon Crawl Stone Soup version 0.30-a0-718-geaa24f58ff (webtiles) character file.

Game seed: 3952529226237319675

138778 RegalBeagle the Severer (level 16, -7/149 HPs)
             Began as an Armataur Fighter on Jan 25, 2023.
             Was the Champion of Hepliaklqana.
             Mangled by the 26-headed Lernaean hydra (9 damage)
             ... on level 4 of the Swamp.
             The game lasted 00:55:36 (26473 turns).

RegalBeagle the Severer (Armataur Fighter)         Turns: 26473, Time: 00:55:36

Health: -7/149     AC: 28    Str: 30    XL:     16   Next: 72%
Magic:  16/16      EV: 14    Int: 10    God:    Hepliaklqana [******]
Gold:   4324       SH:  6    Dex: 14    Spells: 15/15 levels left

rFire   + . .      SeeInvis .    b - +6 eveningstar (elec)
rCold   . . .      Faith    .    c - +0 buckler
rNeg    . . .      Spirit   .    m - +0 swamp dragon scales
rPois   +          Reflect  .    S - +0 helmet
rElec   .          Harm     .    n - +1 cloak
rCorr   .          Roll     +    M - +2 pair of gloves {hurl}
Will    +....                    G - +3 barding {rF+}
Stlth   +                        p - amulet of regeneration
HPRegen 1.24/turn                l - +6 ring of strength
MPRegen 0.15/turn                A - +5 ring of evasion

@: about to teleport
A: reduced essence, large, rugged brown scales 3, deformed body, armoured tail,
roll, long tongue, awkward tongue, iridescent scales 1, subdued magic 1
a: Renounce Religion, Recall Ancestor, Ancestor Identity, Transference, Idealise


You were on level 4 of the Swamp.
You worshipped Hepliaklqana.
Hepliaklqana was exalted by your worship.
You visited 6 branches of the dungeon, and saw 28 of its levels.
You also visited: Sewer, Bailey and Volcano.

You collected 4604 gold pieces.
You spent 280 gold pieces at shops.

Inventory:

Hand Weapons
 a - a +8 broad axe of electrocution
 b - a +6 eveningstar of electrocution (weapon)
Armour
 c - a +0 buckler (worn)
 m - +0 swamp dragon scales (worn)
 n - a +1 cloak (worn)
 G - a +3 barding of fire resistance (worn)
 J - a +0 chain mail of willpower
 M - a +2 pair of gloves of hurling (worn)
 S - a +0 helmet (worn)
 U - a +1 troll leather armour
 W - a +2 plate armour of cold resistance
Jewellery
 d - a +6 ring of dexterity
 l - a +6 ring of strength (left hand)
 p - an amulet of regeneration (around neck)
 t - a ring of ice
 A - a +5 ring of evasion (right hand)
Wands
 o - a wand of mindburst (18)
 x - a wand of quicksilver (22)
 y - a wand of flame (25)
 z - a wand of paralysis (16)
 O - a wand of iceblast (7) (quivered)
Scrolls
 g - a scroll of blinking
 h - 6 scrolls of magic mapping
 q - a scroll of vulnerability
 r - 4 scrolls of identify
 v - 4 scrolls of immolation
 w - 2 scrolls of fog
 E - 4 scrolls of teleportation
 K - 2 scrolls of fear
 V - 3 scrolls of amnesia
Potions
 e - a potion of berserk rage
 f - 13 potions of curing
 i - 4 potions of flight
 j - 4 potions of haste
 k - 3 potions of cancellation
 s - 3 potions of mutation
 u - 11 potions of heal wounds
 I - 7 potions of might
 P - 3 potions of invisibility
 R - 2 potions of brilliance
 X - 3 potions of magic
 Z - a potion of ambrosia
Miscellaneous
 L - a condenser vane
 Q - a phial of floods
 Y - a piece from Xom's chessboard (15/15)


   Skills:
 + Level 16.9 Fighting
 - Level 18.0 Axes
 + Level 10.5 Armour
 - Level 6.0 Dodging
 - Level 8.0 Shields


You had 15 spell levels left.
You didn't know any spells.
Your spell library contained the following spells:

 Spells                   Type           Power      Damage    Failure   Level
 Magic Dart               Conj           0%         1d3       47%         1
 Necrotise                Necr           0%         1d4       47%         1
 Shock                    Conj/Air       0%         1d3       47%         1
 Slow                     Hex            0%         N/A       47%         1
 Call Imp                 Summ           0%         N/A       61%         2
 Cigotuvi's Dreadful Rot  Necr/Pois/Air  0%         N/A       61%         2
 Static Discharge         Conj/Air       0%         2-2/arc   61%         2
 Sublimation of Blood     Necr           0%         N/A       61%         2
 Wereblood                Tmut           0%         N/A       61%         2
 Confusing Touch          Hex            0%         N/A       85%         3
 Dazzling Flash           Conj/Hex       0%         N/A       85%         3
 Gell's Gravitas          Tloc           0%         N/A       85%         3
 Hailstorm                Conj/Ice       0%         3d3       85%         3
 Ignite Poison            Fire/Tmut/Pois 0%         N/A       85%         3
 Inner Flame              Hex/Fire       0%         N/A       85%         3
 Kindle Blastsparks       Fire/Tloc/Air  0%         2d10      85%         3
 Mephitic Cloud           Conj/Pois/Air  0%         N/A       85%         3
 Swiftness                Air            0%         N/A       85%         3
 Teleport Other           Tloc           0%         N/A       85%         3
 Vampiric Draining        Necr           0%         2d6       85%         3
 Vhi's Electric Charge    Tloc/Air       0%         N/A       85%         3
 Airstrike                Air            0%         2d(0-16)  99%         4
 Animate Armour           Summ/Erth      0%         N/A       99%         4
 Dispel Undead            Necr           0%         3d6       99%         4
 Flame Wave               Conj/Fire      0%         2d4       99%         4
 Fulminant Prism          Conj/Hex       0%         3d5       99%         4
 Ice Form                 Ice/Tmut       0%         N/A       99%         4
 Iskenderun's Mystic Bla  Conj/Tloc      0%         2d3       99%         4
 Leda's Liquefaction      Hex/Erth       0%         N/A       99%         4
 Manifold Assault         Tloc           0%         N/A       99%         4
 Petrify                  Tmut/Erth      0%         N/A       99%         4
 Sticky Flame             Conj/Fire      0%         2d3       99%         4
 Summon Ice Beast         Ice/Summ       0%         N/A       99%         4
 Agony                    Necr           0%         N/A       100%        5
 Arcjolt                  Conj/Air       0%         1d10      100%        5
 Blade Hands              Tmut           0%         N/A       100%        5
 Freezing Cloud           Conj/Ice/Air   0%         6-21      100%        5
 Irradiate                Conj/Tmut      0%         3d11      100%        5
 Lee's Rapid Deconstruct  Erth           0%         3d4*      100%        5
 Lightning Bolt           Conj/Air       0%         1d11      100%        5
 Silence                  Hex/Air        0%         N/A       100%        5
 Summon Forest            Summ/Tloc      0%         N/A       100%        5
 Summon Mana Viper        Hex/Summ       0%         N/A       100%        5
 Death Channel            Necr           0%         N/A       100%        6
 Dispersal                Tloc           0%         N/A       100%        6
 Eringya's Noxious Bog    Tmut/Pois      0%         N/A       100%        6
 Iron Shot                Conj/Erth      0%         9d1       100%        6
 Simulacrum               Ice/Necr       0%         N/A       100%        6
 Statue Form              Tmut/Erth      0%         N/A       100%        6
 Monstrous Menagerie      Summ           0%         N/A       100%        7
 Summon Hydra             Summ           0%         N/A       100%        7
 Disjunction              Tloc           0%         N/A       100%        8


Dungeon Overview and Level Annotations

Branches:
Dungeon (15/15)            Temple (1/1) D:5            Lair (5/5) D:8
  Swamp (4/4) Lair:2       Spider (0/4) Lair:2        Slime (0/5) Lair:4
    Orc (2/2) D:12            Elf (1/3) Orc:2        Vaults (0/5) D:14
 Depths (0/4) D:15          Sewer (visited)          Bailey (visited)
Volcano (visited)

Altars:
Ashenzari
Cheibriados
Dithmenos
Elyvilon
Fedhas
Gozag
Hepliaklqana
Kikubaaqudgha
Makhleb
Nemelex Xobeh
Okawaru
Qazlal
Ru
Sif Muna
Trog
Uskayaw
Vehumet
Wu Jian
Xom
Yredelemnul
Zin
The Shining One
Jiyva

Shops:
D:1 !   D:6 *   Orc:2 [([(

Portals:
Trove: D:10 (give +6 demon whip)

Annotations:
D:4 2 transporters, flotson's ghost, amateur DsDe
D:10 3 runed translucent doors, pigah's ghost, journeyman OpWn
Swamp:4 Lernaean hydra


Innate Abilities, Weirdness & Mutations

Your life essence is reduced to manifest your ancestor. (-10% HP)
You are completely covered in rugged brown scales. (AC +3, +7% HP)
Armour fits poorly on your strangely shaped body.
You have a long armoured tail.
You roll when moving toward enemies. (Rampage)
Your long tongue fully drains potion bottles. (2x potion effects)
Your tongue gives you trouble enunciating. (1.5x scroll delay)
You are partially covered in iridescent scales. (AC +2)
Your spells are a little easier to cast, but a little less powerful.


Message History

The 26-headed Lernaean hydra bites you but does no damage.
The 26-headed Lernaean hydra bites you!
You block the 26-headed Lernaean hydra's attack.
The 26-headed Lernaean hydra bites you!
* * * LOW HITPOINT WARNING * * *
The 26-headed Lernaean hydra closely misses you.
The 26-headed Lernaean hydra bites you but does no damage. x4
The 26-headed Lernaean hydra bites you!
* * * LOW HITPOINT WARNING * * *
The 26-headed Lernaean hydra bites you but does no damage. x3
The 26-headed Lernaean hydra misses you.
The 26-headed Lernaean hydra bites you but does no damage. x3
The 26-headed Lernaean hydra bites you.
* * * LOW HITPOINT WARNING * * *
The 26-headed Lernaean hydra closely misses you.
The 26-headed Lernaean hydra bites you but does no damage. x2
The 26-headed Lernaean hydra bites you.
* * * LOW HITPOINT WARNING * * *
The 26-headed Lernaean hydra bites you but does no damage. x2
The swamp drake completely misses Tiberia.
As you slowly read the scroll of teleportation, it crumbles to dust.
You feel strangely unstable.
You block the eight-headed hydra's attack. x2
The eight-headed hydra completely misses you.
The eight-headed hydra bites you but does no damage. x2
The eight-headed hydra bites you.
* * * LOW HITPOINT WARNING * * *
The eight-headed hydra bites you but does no damage.
The eight-headed hydra closely misses you.
Tiberia hits the tyrant leech with a +0 quarterstaff!
The 26-headed Lernaean hydra bites you!
* * * LOW HITPOINT WARNING * * *
The 26-headed Lernaean hydra closely misses you.
The 26-headed Lernaean hydra bites you but does no damage. x2
You block the 26-headed Lernaean hydra's attack.
The 26-headed Lernaean hydra closely misses you.
The 26-headed Lernaean hydra barely misses you.
The 26-headed Lernaean hydra completely misses you.
The 26-headed Lernaean hydra bites you!
You die...

♣♣..~~.~~....~.~~~~...~..♣♣~~♣♣♣♣
~~.~~~~~~.~.~~.~~~~..~~.♣♣♣♣♣♣
♣.~~§~~~~.♣♣♣♣♣.~§~~♣~~~~~♣♣
<..~~[~~.~♣ ♣~.~~~.♣...~~~♣
♣§~.....♣♣♣ ♣♣.~~~§♣..~~~.♣
...~♣~.♣♣♣♣♣ ♣...~~♣♣♣♣~.♣♣
~.~~.♣~♣♣♣~♣♣ ♣.~~~~~~♣♣♣♣♣
.~.~§~♣♣♣...♣♣♣.~~~~~.♣
.~~...♣♣♣~~~.♣♣D@~...♣♣
~....♣.♣.~~..DDD♣♣♣♣♣♣ ♣
~~.~....~~~♣~D.♣ ~~
#~...~.♣...~~~♣♣ ♣♣♣ .~~
~......~~..R♣♣♣♣♣..♣.~~~
.♣.#.~~~~.w♣.~~♣~~~~~~~~
♣....~~~~k♣~~~~~~†~~~~~~
♣♣.~.~~~.†♣♣†~.††~~~~~§.
♣≈....~.DD†~.~~~~~~~~~.~


You could see the friendly Tiberia the battlemage, the 26-headed Lernaean hydra,
an eight-headed hydra, a five-headed hydra, 2 swamp dragons, a tyrant leech and
a swamp drake (ally target).

Vanquished Creatures
  A fenstrider witch (Swamp:1)
  2 orc warlords
  6 bunyips
  An eleionoma (Swamp:4)
  The ghost of Iptanian the Transmogrifier, a journeyman OpTm of Gozag (Lair:4)
  A fire dragon (Lair:5)
  Josephine (D:14)
  2 shambling mangroves
  A spriggan zombie (D:15)
  A ghost crab (Swamp:4)
  15 hydras
  A boulder beetle (Lair:4)
  4 centaur warriors
  2 dancing weapons (D:14)
  3 two-headed ogres
  4 alligators
  A tengu warrior (D:12)
  4 death yaks (Lair:5)
  2 spriggans
  Urug (D:11)
  2 skeletal warriors (D:14)
  A fire crab (Lair:3)
  Lodul (D:10)
  A goliath frog (Swamp:3)
  6 swamp dragons
  A necromancer (D:15)
  A spectral hydra (Lair:4)
  4 bog bodies
  A lindwurm (Lair:5)
  4 orc knights
  2 deep elf zephyrmancers (Elf:1)
  A deep elf pyromancer (D:15)
  3 wolf spiders
  11 ugly things
  2 manticores
  2 orc sorcerers (Orc:2)
  A cyclops (Orc:2)
  A stone giant zombie (D:15)
  A tengu skeleton (D:15)
  10 elephants (Lair:5)
  6 black mambas
  5 torpor snails
  A guardian serpent (Lair:5)
  7 cane toads
  A gargoyle (Volcano)
  An efreet (Volcano)
  2 rime drakes (Lair:1)
  A yaktaur (D:15)
  A yaktaur (shapeshifter) (D:14)
  6 komodo dragons
  3 kobold demonologists
  A tengu conjurer (D:14)
  3 trolls
  15 blink frogs
  2 polar bears
  A queen bee (D:9)
  4 tyrant leeches
  13 hornets
  A spectral black mamba (Lair:4)
  A spectral dream sheep (Lair:4)
  5 wraiths
  39 yaks
  3 basilisks
  13 wyverns
  A fire elemental (Volcano)
  4 redbacks
  2 steam dragons (D:8)
  12 vampire mosquitoes
  17 swamp worms
  12 water moccasins
  Duvessa (D:4)
  A floating eye (Lair:4)
  37 orc warriors
  A hydra simulacrum (Lair:4)
  4 swamp drakes (Swamp:4)
  4 black bears
  9 ogres
  11 wolves
  A lemure (D:7)
  2 centaurs
  2 phantoms
  5 kobold brigands
  4 bullfrogs
  A gnoll sergeant (D:9)
  2 necrophages
  4 scorpions
  2 cane toad simulacra (Lair:4)
  Dowan (D:4)
  3 killer bees
  3 howler monkeys
  20 orc priests
  3 hounds
  A gnoll bouda (D:8)
  3 iguanas
  25 orc wizards
  4 hell rats (Lair:1)
  12 gnolls
  13 adders
  3 river rats (Sewer)
  3 shadow imps
  A white imp (D:5)
  An ufetubus (D:4)
  5 dart slugs
  88 orcs
  3 endoplasms
  4 giant cockroaches
  5 goblins
  6 hobgoblins
  8 jackals
  8 quokkas
  5 ball pythons
  8 bats
  5 frilled lizards
  19 kobolds
  4 rats
648 creatures vanquished.

Vanquished Creatures (collateral kills)
  Mlioglotl (Swamp:2)
  Roxanne (Swamp:2)
  Aizul (Swamp:2)
  2 bunyips
  A catoblepas (Lair:1)
  7 hydras
  4 alligators
  A two-headed ogre (D:12)
  A boulder beetle (D:14)
  2 orc high priests (Orc:2)
  A deep elf knight (Elf:1)
  5 skeletal warriors
  A bog body (Swamp:4)
  3 swamp dragons
  Pikel (D:7)
  A phantasmal warrior (D:15)
  A deep elf pyromancer (Elf:1)
  A deep elf zephyrmancer (Elf:1)
  A cyclops (D:12)
  2 orc knights (Orc:1)
  5 ugly things
  2 manticores (D:14)
  3 black mambas (Lair:5)
  An eye of devastation (Lair:4)
  2 torpor snails (Lair:5)
  2 cane toads (Lair:5)
  An efreet (D:15)
  A rime drake (Lair:5)
  2 komodo dragons
  A kobold demonologist (D:10)
  4 trolls
  6 hornets
  2 tyrant leeches
  Prince Ribbit (Lair:1)
  5 blink frogs
  A spriggan zombie (D:15)
  A jumping spider (shapeshifter) (D:13)
  A shadow (D:10)
  A wraith (D:11)
  A fire elemental (Volcano)
  A golden eye (shapeshifter) (D:15)
  4 wyverns
  9 yaks
  6 vampire mosquitoes
  A steam dragon (D:7)
  2 basilisks
  A redback (Lair:5)
  A warg (Orc:2)
  5 swamp worms
  7 water moccasins
  A swamp drake (Swamp:4)
  A black bear (D:8)
  11 orc warriors
  An ice beast (D:5)
  A black mamba simulacrum (Lair:4)
  6 wolves
  3 centaurs (D:13)
  2 ogres (D:10)
  3 kobold brigands
  A gnoll sergeant (D:10)
  4 killer bees
  A jelly (D:5)
  7 orc priests
  8 orc wizards
  A hell rat (Lair:1)
  5 gnolls
  An adder (D:5)
  32 orcs
  2 goblins
  8 kobolds
217 creatures vanquished.

Vanquished Creatures (others)
  An alligator (Swamp:1)
  7 bloated husks
  9 battlemagi
  32 fungi
  63 plants
  7 withered plants
119 creatures vanquished.

Grand Total: 984 creatures vanquished

Notes
Turn   | Place    | Note
-------+----------+-------------------------------------------
     0 | D:1      | RegalBeagle the Armataur Fighter began the quest for the
                  | Orb.
     0 | D:1      | Reached XP level 1. HP: 19/19 MP: 1/1
   157 | D:1      | Found Galapn's Distillery.
   171 | D:1      | Reached XP level 2. HP: 26/26 MP: 2/2
   189 | D:1      | Bought a potion of curing for 42 gold pieces
   200 | D:1      | Reached skill level 2 in Axes
   368 | D:1      | Reached XP level 3. HP: 12/32 MP: 3/3
   999 | D:2      | Reached XP level 4. HP: 27/40 MP: 4/4
  1180 | D:2      | Found an ancient bone altar of Kikubaaqudgha.
  1364 | D:3      | Found a glowing drain.
  1388 | Sewer    | Entered a sewer
  1396 | Sewer    | Reached skill level 3 in Axes
  1546 | Sewer    | Noticed a kobold brigand
  1547 | Sewer    | Noticed a kobold brigand
  1555 | Sewer    | Killed a kobold brigand
  1556 | Sewer    | Reached XP level 5. HP: 37/48 MP: 5/5
  1557 | Sewer    | Reached XP level 6. HP: 43/55 MP: 6/6
  1615 | Sewer    | Found a white marble altar of Elyvilon.
  2113 | D:3      | Found a faded altar of an unknown god.
  2442 | D:3      | Found a sacrificial altar of Ru.
  2443 | D:3      | Found a hazy altar of Hepliaklqana.
  2444 | D:3      | Found a sparkling altar of Nemelex Xobeh.
  2459 | D:3      | Became a worshipper of Hepliaklqana the Forgotten
  2534 | D:4      | Reached skill level 4 in Axes
  2545 | D:4      | Found a transporter.
  2548 | D:4      | Noticed flotson's ghost (amateur DsDe)
  2555 | D:4      | Found a transporter.
  2663 | D:4      | Reached skill level 5 in Shields
  2724 | D:4      | You fall into a shaft and drop 3 floors!
  2850 | D:6      | Reached XP level 7. HP: 49/63 MP: 7/7
  3015 | D:5      | Entered Level 5 of the Dungeon
  3039 | D:5      | Found a staircase to the Ecumenical Temple.
  3053 | Temple   | Entered the Ecumenical Temple
  3181 | D:5      | Reached * piety under Hepliaklqana
  3198 | D:4      | Noticed Duvessa
  3199 | D:4      | Noticed Dowan
  3209 | D:4      | Killed Duvessa
  3210 | D:4      | Reached skill level 5 in Axes
  3212 | D:4      | Killed Dowan
  4062 | D:5      | Reached XP level 8. HP: 24/64 MP: 8/8
  4302 | D:5      | Reached skill level 5 in Fighting
  4322 | D:5      | Identified 2 scrolls of acquirement
  4322 | D:5      | Acquired a +1 broad axe of electrocution
  4327 | D:5      | Acquired 825 gold pieces
  4350 | D:5      | Reached skill level 6 in Axes
  4929 | D:6      | Reached ** piety under Hepliaklqana
  4930 | D:6      | Remembered your ancestor Tiberia as a battlemage
  5158 | D:6      | Reached skill level 5 in Armour
  5401 | D:6      | Found Teug's General Store.
  5404 | D:6      | Bought a scroll of enchant weapon for 105 gold pieces
  5404 | D:6      | Bought a scroll of identify for 28 gold pieces
  5404 | D:6      | Bought a scroll of magic mapping for 105 gold pieces
  5487 | D:7      | Reached skill level 7 in Axes
  5606 | D:7      | Noticed Pikel
  5614 | D:7      | Killed Pikel
  5615 | D:7      | Reached XP level 9. HP: 57/72 MP: 9/9
  5801 | D:7      | Reached skill level 8 in Axes
  5865 | D:7      | Acquired a +1 barding of fire resistance
  6273 | D:8      | Reached *** piety under Hepliaklqana
  6406 | D:8      | Reached skill level 9 in Axes
  6413 | D:8      | Reached XP level 10. HP: 80/83 MP: 10/10
  6820 | D:8      | Found a staircase to the Lair.
  7074 | D:9      | Found a flagged portal.
  7079 | Bailey   | Entered a bailey
  7131 | Bailey   | Noticed an orc knight
  7307 | Bailey   | Killed an orc knight
  7308 | Bailey   | Reached skill level 10 in Axes
  8345 | Lair:1   | Entered Level 1 of the Lair of Beasts
  8353 | Lair:1   | Reached **** piety under Hepliaklqana
  8367 | Lair:1   | Found a dark tunnel.
  8376 | Volcano  | Entered a volcano
  8486 | Volcano  | Noticed a gargoyle
  8492 | Volcano  | Killed a gargoyle
  8561 | Volcano  | Reached skill level 11 in Axes
  8706 | Lair:1   | Noticed a torpor snail
  8711 | Lair:1   | Reached XP level 11. HP: 43/92 MP: 11/11
  8913 | Lair:1   | Noticed a wolf spider
  8913 | Lair:1   | Noticed a wolf spider
  8918 | Lair:1   | Killed a wolf spider
  8921 | Lair:1   | Killed a wolf spider
  9138 | Lair:1   | Noticed Prince Ribbit
  9149 | Lair:1   | Killed Prince Ribbit
  9314 | Lair:1   | Noticed a catoblepas
  9323 | Lair:1   | Killed a catoblepas
  9324 | Lair:1   | Reached skill level 12 in Axes
  9784 | Lair:2   | Gained mutation: You are weak. (Str -2) [potion of
                  | mutation]
  9784 | Lair:2   | Gained mutation: You are agile. (Dex +4, Str/Int -1)
                  | [potion of mutation]
  9784 | Lair:2   | Gained mutation: Your spells are a little easier to cast,
                  | but a little less powerful. [potion of mutation]
  9784 | Lair:2   | Lost mutation: You are weak. (Str -2) [potion of mutation]
  9784 | Lair:2   | Lost mutation: You are agile. (Dex +4, Str/Int -1) [potion
                  | of mutation]
  9784 | Lair:2   | Gained mutation: You are partially covered in iridescent
                  | scales. (AC +2) [potion of mutation]
  9845 | Lair:2   | Reached ***** piety under Hepliaklqana
 10227 | Lair:2   | Noticed a four-headed hydra
 10235 | Lair:2   | Killed a four-headed hydra
 10236 | Lair:2   | Reached skill level 10 in Fighting
 10377 | Lair:2   | Noticed a four-headed hydra
 10680 | D:10     | Entered Level 10 of the Dungeon
 10680 | D:10     | Found a runed translucent gate.
 10682 | D:10     | Found a runed translucent gate.
 10682 | D:10     | Found a runed translucent gate.
 10683 | D:10     | Noticed a 12-headed hydra
 10683 | D:10     | Noticed pigah's ghost (journeyman OpWn)
 10685 | D:10     | Noticed a nine-headed hydra
 11055 | D:10     | Found a portal to a secret trove of treasure.
 11347 | D:10     | Noticed Lodul
 11352 | D:10     | Reached skill level 13 in Axes
 11352 | D:10     | Reached XP level 12. HP: 93/103 MP: 12/12
 11356 | D:10     | Killed Lodul
 12098 | D:11     | Noticed a two-headed ogre
 12104 | D:11     | Killed a two-headed ogre
 12435 | D:11     | Noticed a two-headed ogre
 12440 | D:11     | Killed a two-headed ogre
 12605 | D:11     | Noticed Urug
 12610 | D:11     | Killed Urug
 12893 | D:12     | Noticed a tengu warrior
 12902 | D:12     | Killed a tengu warrior
 12903 | D:12     | Reached skill level 14 in Axes
 13166 | D:12     | Found a staircase to the Orcish Mines.
 13386 | D:12     | Noticed a two-headed ogre
 13389 | D:12     | Killed a two-headed ogre
 13395 | D:12     | Noticed a two-headed ogre
 13398 | D:12     | Killed a two-headed ogre
 13856 | Orc:1    | Entered Level 1 of the Orcish Mines
 14228 | Orc:2    | Entered Level 2 of the Orcish Mines
 14266 | Orc:1    | Noticed an orc warlord
 14422 | Orc:2    | Reached XP level 13. HP: 101/113 MP: 13/13
 14444 | Orc:2    | Found a staircase to the Elven Halls.
 14827 | Orc:2    | Found Rofising's Weapon Shoppe.
 14972 | Orc:2    | Reached skill level 15 in Axes
 14972 | Orc:2    | Reached skill level 1 in Dodging
 15102 | Orc:2    | Reached ****** piety under Hepliaklqana
 15169 | Orc:2    | Noticed an orc warlord
 15215 | Orc:2    | Killed an orc warlord
 15294 | Orc:2    | Found Juoceczia's Antique Armour Boutique.
 15300 | Orc:2    | Found Sotiuss's Antique Weapon Shop.
 15565 | Orc:2    | Found Olaikh's Armour Shoppe.
 16084 | Lair:2   | Found a hole to the Spider Nest.
 16409 | Lair:2   | Found a staircase to the Swamp.
 17501 | Lair:4   | Found a viscous altar of Jiyva.
 17522 | Lair:4   | Found a staircase to the Slime Pits.
 17858 | Lair:4   | Paralysed by a floating eye for 2 turns
 18063 | Lair:4   | Reached skill level 16 in Axes
 18129 | Lair:4   | Found a runed translucent gate.
 18130 | Lair:4   | Found a runed translucent gate.
 18130 | Lair:4   | Found a runed translucent gate.
 18135 | Lair:4   | Noticed Iptanian's ghost (journeyman OpTm)
 18180 | Lair:4   | Identified the +9 spear of Cruel Justice {heavy, +Blink
                  | Dex+6}
 18410 | Lair:4   | Reached XP level 14. HP: 123/123 MP: 14/14
 18421 | Lair:4   | Killed Iptanian's ghost
 18529 | Lair:5   | Entered Level 5 of the Lair of Beasts
 18921 | Lair:5   | Reached skill level 5 in Dodging
 19398 | Lair:5   | Reached skill level 17 in Axes
 19708 | Lair:5   | Found a runed translucent door.
 19739 | Lair:5   | Paralysed by a hornet for 2 turns
 19797 | Lair:5   | Paralysed by a hornet for 1 turns
 19903 | Lair:5   | Paralysed by a hornet for 2 turns
 20026 | Lair:5   | Reached XP level 15. HP: 120/132 MP: 15/15
 20499 | D:13     | Found an ancient bone altar of Kikubaaqudgha.
 21407 | D:14     | Noticed Josephine
 21415 | D:14     | Killed Josephine
 21649 | D:14     | Reached skill level 18 in Axes
 21828 | D:14     | Identified the +7 quarterstaff of Inquiry {heavy, rCorr
                  | MP+9 Str-4 Int+3}
 21868 | D:14     | Found a gate to the Vaults.
 21917 | D:15     | Entered Level 15 of the Dungeon
 21962 | D:15     | Found a radiant altar of Vehumet.
 22018 | D:15     | Found a staircase to the Depths.
 22096 | D:15     | Reached skill level 15 in Fighting
 22963 | Elf:1    | Entered Level 1 of the Elven Halls
 23734 | Swamp:1  | Entered Level 1 of the Swamp
 24016 | Swamp:1  | Noticed a fenstrider witch
 24028 | Swamp:1  | Killed a fenstrider witch
 24036 | Swamp:1  | Reached XP level 16. HP: 26/146 MP: 16/16
 24657 | Swamp:2  | Noticed Mlioglotl
 24667 | Swamp:2  | Killed Mlioglotl
 24814 | Swamp:2  | Noticed Aizul
 24824 | Swamp:2  | Killed Aizul
 24967 | Swamp:2  | Noticed Roxanne
 25222 | Swamp:2  | Killed Roxanne
 25960 | Swamp:4  | Entered Level 4 of the Swamp
 25969 | Swamp:4  | Identified the +1 ring mail of the Journeyman {rN+ Str-4
                  | Dex+3}
 26037 | Swamp:4  | Noticed the 27-headed Lernaean hydra
 26309 | Swamp:4  | Reached skill level 10 in Armour
 26473 | Swamp:4  | HP: 2/149 [the 26-headed Lernaean hydra (12)]
 26473 | Swamp:4  | Mangled by the 26-headed Lernaean hydra

Illustrated notes

Levels and vault maps discovered:
D:1:      dpeg_arrival_concentric_ovals, layout_basic, serial_shops,
          nicolae_shop_statue_plus
D:2:      layout_rooms, basic_altar
D:3:      layout_loops_ring, chequers_temple_overflow_statue_of_worship,
          portal_sewer_entry_f, shapermc_ecumenical_altar_mp_vishouse,
          amcnicky_mini_rare_corridor_liquid, minmay_curled_crystal,
          minmay_quadrilaterals
D:4:      wad_lake_hut, layout_basic, gammafunk_ghost_arena,
          minmay_misc_feat_five, chequers_serial_rivers_micro_c, uniq_duvessa
D:5:      layout_loops_ring, minmay_temple_entry_mist
D:6:      layout_cave_pools, serial_shops, kennysheep_mini_moat,
          grunt_decor_junction, hangedman_minor_gate_pass
D:7:      layout_rooms, nicolae_figureground_pulse, uniq_pikel
D:8:      layout_loops_corners, grunt_lair_entry_orc_guard_hut
D:9:      layout_long_grid, enter_bailey_4, nicolae_looking_at_the_future
D:10:     layout_cave_pools, nicolae_trove_entry_crystal,
          gammafunk_ghost_hydra_chop, serial_bayou_pond_e,
          minmay_misc_feat_diagonals, uniq_lodul
D:11:     layout_rooms, minivault_23, corner_web_ring,
          nicolae_straight_to_the_point, uniq_urug
D:12:     layout_basic, david_orc_1_choice
D:13:     layout_gridville, kiku_gazebo_garden_becter
D:14:     layout_rooms, erik_vaults_1, minmay_misc_feat_x, bh_walls_and_bars,
          uniq_josephine
D:15:     gammafunk_depths_entry_grave, layout_cave_pools, fiery_altar_vehumet
Temple:   hellmonk_temple_of_storms
Lair:1:   layout_regular_city, nicolae_volcano_entry_lava_flow,
          nicolae_lair_run_with_the_wolves, uniq_prince_ribbit2
Lair:2:   layout_misc_corridors, palyth_hydra_swamp_entry,
          spider_nest_entry_funnel_web
Lair:3:   layout_small_grid
Lair:4:   layout_cave_shapes, minmay_slime_entry_eyes,
          gammafunk_ghost_necromancy, grunt_megastairs_4
Lair:5:   hangedman_lair_tendril_chambers, layout_regular_city, wormcave
Swamp:1:  layout_falls_marsh, evilmike_swamp_ruin_house_4
Swamp:2:  layout_basic_swamp, serial_swamp_ruin, evilmike_swamp_ruin_house_1,
          evilmike_swamp_ruin_rubble_1, swamp_pool4, nicolae_swamp_baby_hydras,
          uniq_aizul, uniq_roxanne, uniq_mlioglotl
Swamp:3:  layout_basic_swamp, hangedman_swamp_pad
Swamp:4:  swamp_old_school, layout_basic_swamp, swamp_pool1
Orc:1:    layout_caves, special_room [special_room_orc]
Orc:2:    grunt_orc_community_town_hall, layout_diamond_mine,
          grunt_orc_community_big_house_2, grunt_orc_community_big_house_2,
          grunt_orc_community_house_2, grunt_orc_community_house_1,
          grunt_orc_community_house_3, grunt_orc_community_house_2,
          grunt_orc_community_house_2, grunt_orc_community_house_3,
          david_defended_altar_orc
Elf:1:    minmay_elf_arrival_summoners, layout_gridlike,
          kennysheep_underground_church, minmay_elf_annihilation, uniq_jorgrun

Skill      XL: |  1  2  3  4  5  6  7  8  9 10 11 12 13 14 15 16 |
---------------+-------------------------------------------------+-----
Axes           | 2 3 4 5 7 9 11 13 14 16 17 18 | 18.0
Armour         | 4 6 10 | 10.5
Fighting       | 3 4 6 7 8 10 11 12 13 15 16 | 16.9
Shields        | 4 5 6 8 |  8.0
Dodging        | 3 5 6 |  6.0

Action                     |  1- 3 |  4- 6 |  7- 9 | 10-12 | 13-15 | 16-18 || total
---------------------------+-------+-------+-------+-------+-------+-------++-------
  Melee: War axe           |   103 |   149 |    82 |       |       |       ||   334
         Tailslap          |    10 |    16 |    25 |    46 |   139 |    43 ||   279
         Broad axe         |       |       |   106 |   360 |   760 |   167 ||  1393
         Whip              |       |       |       |     5 |       |       ||     5
         Eveningstar       |       |       |       |       |    25 |    22 ||    47
  Throw: Dart              |       |     3 |       |     5 |       |       ||     8
 Invoke: Ancestor Life: Ba |       |       |     1 |       |       |       ||     1
         Recall Ancestor   |       |       |       |     1 |     2 |     1 ||     4
  Evoke: Wand              |       |       |       |       |       |     1 ||     1
    Use: Scroll            |       |     4 |    17 |    14 |    10 |     6 ||    51
         Potion            |       |     2 |     1 |     4 |     1 |       ||     8
   Stab: Distracted        |       |       |     1 |     1 |    17 |     7 ||    26
 Armour: Scale mail        |    71 |    35 |       |       |       |       ||   106
         Chain mail        |       |    64 |   156 |   252 |     8 |       ||   480
         Troll leather arm |       |       |       |       |   411 |     6 ||   417
         Swamp dragon scal |       |       |       |       |       |   230 ||   230
  Dodge: Dodged            |    57 |    52 |    44 |    59 |   331 |   161 ||   704
  Block: Buckler           |    33 |    45 |    29 |    83 |   169 |    77 ||   436

Table legend: (Time is in decaauts)
 A = Elapsed time spent in this place.
 B = Non-inter-level travel time spent in this place.
 C = Inter-level travel time spent in this place.
 D = Time resting spent in this place.
 E = Time spent auto-exploring this place.
 F = Levels seen in this place.
 G = Mean time per level.
                   A        B        C        D        E       F      G
               +--------+--------+--------+--------+--------+-----+--------+
         Total |  26476 |  24798 |   1678 |   5641 |  14173 |  31 |  854.1 |
       Dungeon |  13856 |  12940 |    916 |   2469 |   8082 |  15 |  923.7 |
        Temple |     39 |     33 |      6 |      0 |     18 |   1 |   39.0 |
          Lair |   6512 |   5927 |    585 |   1341 |   3541 |   5 | 1302.4 |
         Swamp |   2673 |   2600 |     73 |    634 |   1439 |   4 |  668.2 |
  Orcish Mines |   2353 |   2256 |     97 |    873 |    870 |   2 | 1176.5 |
   Elven Halls |     23 |     23 |      0 |      0 |      0 |   1 |   23.0 |
         Sewer |    342 |    342 |      0 |    139 |     96 |   1 |  342.0 |
        Bailey |    463 |    463 |      0 |    141 |    127 |   1 |  463.0 |
       Volcano |    210 |    210 |      0 |     44 |      0 |   1 |  210.0 |
               +--------+--------+--------+--------+--------+-----+--------+

Top non-repeatable levels by time:
   Orc:2: 1709 daAuts
  Lair:2: 1564 daAuts
  Lair:5: 1531 daAuts
    D:12: 1410 daAuts
  Lair:1: 1407 daAuts
    D:11: 1184 daAuts
  Lair:3: 1144 daAuts
     D:5: 1091 daAuts
     D:9: 1087 daAuts
     D:8: 1071 daAuts
     D:4: 1066 daAuts
 Swamp:2: 899 daAuts
     D:1: 895 daAuts
    D:10: 888 daAuts
  Lair:4: 865 daAuts
